 Dungeon Crawl Stone Soup version 0.20.0-15-g7f486f2 (webtiles) character file.

89 Gargoyl the Skirmisher (level 4, -1/40 HPs)
             Began as a Draconian Abyssal Knight on June 14, 2017.
             Was a Believer of Lugonu.
             Slain by Timinator's ghost (4 damage)
             ... on level 3 of the Dungeon.
             The game lasted 00:05:08 (2242 turns).

Gargoyl the Skirmisher (Draconian Abyssal Knight)   Turns: 2242, Time: 00:05:09

Health: -1/40      AC:  5    Str: 15    XL:     4   Next: 31%
Magic:  6/6        EV: 13    Int: 12    God:    Lugonu [**....]
Gold:   91         SH:  0    Dex: 11    Spells: 3/3 levels left

rFire    . . .     SeeInvis .   a - +1 hand axe
rCold    . . .     Gourm    .   (no shield)
rNeg     . . .     Faith    .   (armour unavailable)
rPois    .         Spirit   .   (helmet restricted)
rElec    .         Reflect  .   (no cloak)
rCorr    .         Harm     .   (no gloves)
MR       .....     Clarity  +   (no boots)
Stlth    +.........             (no amulet)
Regen    0.2/turn               (no ring)
MPRegen  0.1/turn               (no ring)

@: no status effects
A: unfitting armour, clarity, cold-blooded, MP-powered wands, AC +5
a: Depart the Abyss, Bend Space, Renounce Religion


You were on level 3 of the Dungeon.
You worshipped Lugonu.
Lugonu was pleased with you.
You were not hungry.

You visited 1 branch of the dungeon, and saw 3 of its levels.
You visited the Abyss 1 time.

You collected 91 gold pieces.

Inventory:

Hand Weapons
 a - a +1 hand axe (weapon)
Missiles
 o - 5 javelins (quivered)
Jewellery
 e - a +5 ring of strength {unknown}
Wands
 m - a wand of flame (11/48)
Scrolls
 k - a scroll of identify
 p - a scroll of amnesia {unknown}
Potions
 c - a potion of haste {unknown}
 f - a potion of curing {unknown}
 h - 2 potions of flight {unknown}
 j - a potion of lignification {unknown}
 n - a potion of magic {unknown}
Comestibles
 b - a bread ration
 d - 2 meat rations
 g - 2 royal jellies
 i - 2 fruits


   Skills:
 + Level 4.0 Fighting
 + Level 2.9 Axes
 * Level 3.0 Dodging
 * Level 2.7 Invocations


You had 3 spell levels left.
You didn't know any spells.

Dungeon Overview and Level Annotations

Branches:
Dungeon (3/15)

Altars:
Hepliaklqana

Annotations:
D:3 Timinator's ghost, amateur DsAr


Innate Abilities, Weirdness & Mutations

Your plain brown scales are hard. (AC +5)
You cannot fit into any form of body armour.
You are cold-blooded and may be slowed by cold attacks.
You possess an exceptional clarity of mind.
You expend magic power (3 MP) to strengthen your wands.


Message History

Okay, then.
Timinator's ghost barely misses you.
You hit Timinator's ghost.
Timinator's ghost is lightly damaged.
Timinator's ghost hits you.
You are electrocuted!
Timinator's ghost hits you.
You closely miss Timinator's ghost.
Timinator's ghost is lightly damaged.
Timinator's ghost closely misses you.
You hit Timinator's ghost.
Timinator's ghost is lightly damaged.
Timinator's ghost hits you.
You are electrocuted!
* * * LOW HITPOINT WARNING * * *
You barely miss Timinator's ghost.
Your tail-slap misses Timinator's ghost.
Timinator's ghost is lightly damaged.
Timinator's ghost closely misses you.
All of the chunks of flesh in your inventory have rotted away.
There is a stone staircase leading up here.
Timinator's ghost hits you.
You die...

.# .# #.####### .###
### #.......######....
....
#.............####..##
#.#####.##...........#
........##.####.####.#
#.######.W.##.....##
#..@.#.......#
.........#.......#
............._......
....#.#.#.#.......#..
..........#.......#..#
....#.#.#.##.....## .#
....#.#.#.####.### ..
# .. .. ..


You could see Timinator's ghost.

Vanquished Creatures
  Robin (D:1)
  An adder (D:2)
  A worm (D:2)
  2 dart slugs (D:1)
  2 leopard geckos
  2 giant cockroaches (D:1)
  15 goblins
  11 hobgoblins
  6 bats
  3 frilled lizards
  6 kobolds
  7 rats
57 creatures vanquished.

Notes
Turn   | Place    | Note
-------+----------+-------------------------------------------
     0 | Abyss:1  | Gargoyl the Draconian Abyssal Knight began the quest for the Orb.
     0 | Abyss:1  | Reached XP level 1. HP: 19/19 MP: 2/2
    66 | Abyss:1  | Noticed a wraith
    69 | Abyss:1  | Gained mutation: You have large cloven feet. [potion of mutation]
    69 | Abyss:1  | Gained mutation: You expend magic power (3 MP) to strengthen your wands. [potion of mutation]
    69 | Abyss:1  | Lost mutation: You have large cloven feet. [potion of mutation]
    69 | Abyss:1  | Gained mutation: You possess an exceptional clarity of mind. [potion of mutation]
    72 | D:1      | Escaped the Abyss
   189 | D:1      | Reached * piety under Lugonu
   189 | D:1      | Reached XP level 2. HP: 21/26 MP: 3/3
  1232 | D:1      | Reached XP level 3. HP: 33/33 MP: 4/4
  1454 | D:2      | Noticed Robin
  1598 | D:1      | Killed Robin
  1768 | D:2      | Reached ** piety under Lugonu
  1857 | D:2      | Reached XP level 4. HP: 38/40 MP: 5/5
  1907 | D:2      | Found a faded altar of an unknown god.
  1955 | D:2      | Reached skill level 4 in Fighting
  2223 | D:3      | Found a hazy altar of Hepliaklqana.
  2225 | D:3      | Noticed Timinator's ghost (amateur DsAr)
  2231 | D:3      | HP: 2/40 [Timinator's ghost (12)]
  2242 | D:3      | Slain by Timinator's ghost

Skill      XL: |  1  2  3  4 |
---------------+-------------+-----
Fighting       | 4 |  4.0
Dodging        | 3 |  3.0
Axes           | |  2.9
Invocations    | |  2.7

Action                   |  1- 3 |  4- 6 || total
-------------------------+-------+-------++-------
Melee: Hand axe          |   100 |    34 ||   134
       Tailslap          |    13 |     2 ||    15
Invok: Depart the Abyss  |     1 |       ||     1
  Use: Scroll            |     4 |       ||     4
       Potion            |     1 |       ||     1
  Eat: Chunk             |     3 |     1 ||     4
Armor: Skin              |    42 |     7 ||    49
Dodge: Dodged            |   117 |    25 ||   142
